 Dungeon Crawl Stone Soup version 0.20-a0-256-gabb291d (webtiles) character file.

176 nubinia the Stinger (level 5, -8/28 HPs)
             Began as a Tengu Venom Mage on Dec 1, 2016.
             Killed by divine providence
             ... invoked by an orc priest
              (12 damage)
             ... on level 3 of the Dungeon.
             The game lasted 00:14:14 (3353 turns).

nubinia the Stinger (Tengu Venom Mage)              Turns: 3353, Time: 00:14:15

Health: -8/28      AC:  2    Str:  8    XL:     5   Next: 56%
Magic:  5/10       EV: 13    Int: 16    God:
Gold:   170        SH:  0    Dex: 15    Spells: 0/9 levels left

rFire  . . .     SeeInvis .     a - +2 dagger (pain)
rCold  + . .     Gourm    .     h - +0 robe
rNeg   . . .     Faith    .     (no shield)
rPois  .         Spirit   .     (helmet restricted)
rElec  .         Reflect  .     (no cloak)
rCorr  +         Harm     .     (no gloves)
MR     .....                    (boots unavailable)
Stlth  ++........               (no amulet)
                                p - ring of protection from cold
                                f - ring of resist corrosion

@: no status effects
A: beak, talons 3, able to fly 1
a: Fly


You were on level 3 of the Dungeon.
You were not hungry.

You visited 1 branch of the dungeon, and saw 3 of its levels.

You collected 170 gold pieces.

Inventory:

Hand Weapons
 a - a +2 dagger of pain (weapon)
 b - a +0 blowgun
 d - a +0 dagger
Missiles
 t - 4 curare-tipped needles
 u - 8 poisoned needles
Armour
 h - a +0 robe (worn)
Jewellery
 f - a ring of resist corrosion (left hand)
 p - a ring of protection from cold (right hand)
Scrolls
 e - 10 scrolls of identify
 i - 2 scrolls of blinking
 j - a scroll of noise {unknown}
 k - a scroll of enchant armour {unknown}
 m - a scroll of fog {unknown}
 n - a scroll of enchant weapon {unknown}
Potions
 g - a potion of haste
 q - 3 potions of curing
 r - 2 potions of resistance
Books
 o - a book of Necromancy

   Spells                             Type                      Level
   a - Pain                           Necromancy                   1
   b - Animate Skeleton               Necromancy                   1
   c - Vampiric Draining              Necromancy                   3
   d - Regeneration                   Charms/Necromancy            3
   e - Animate Dead                   Necromancy                   4
   f - Control Undead                 Necromancy                   4
 s - a Young Poisoner's Handbook

   Spells                             Type                      Level
   a - Sting                          Conjuration/Poison           1
   b - Mephitic Cloud                 Conjuration/Poison/Air       3
   c - Olgreb's Toxic Radiance        Poison                       4
   d - Alistair's Intoxication        Transmutation/Poison         5
   e - Venom Bolt                     Conjuration/Poison           5
Comestibles
 c - a bread ration
 l - a meat ration


   Skills:
 + Level 0.4 Fighting
 + Level 1.2 Short Blades
 + Level 2.5 Dodging
 + Level 2.7 Stealth
 + Level 2.9 Spellcasting
 * Level 3.0 Conjurations
 * Level 0.7 Necromancy
 * Level 1.5 Air Magic
 - Level 4.4 Poison Magic


You couldn't memorise any spells.
You knew the following spells:

 Your Spells              Type           Power        Failure   Level  Hunger
a - Sting                 Conj/Pois      ##..         6%          1    #......
b - Mephitic Cloud        Conj/Pois/Air  ##......     17%         3    ###....
c - Olgreb's Toxic Radia  Pois           ###.....     34%         4    #####..
S - Animate Skeleton      Necr           N/A          17%         1    #......


Dungeon Overview and Level Annotations

Branches:
Dungeon (3/15)

Altars:


Innate Abilities, Weirdness & Mutations

You have a beak for a mouth.
You have claws for feet.
You can fly.


Message History

The orc priest is engulfed in noxious fumes.
The orc priest appears confused.
The orc priest hits the orc with a mace.
The orc is killed!
Found 15 gold pieces.
Things that are here:
a whip; an orc corpse Something bites your kobold skeleton.
Your kobold skeleton barely misses the orc priest.
You kill the orc priest!
Your Conjurations skill increases to level 3!
Something bites your kobold skeleton.
Your kobold skeleton is destroyed!
You kill the leopard gecko!
The orc priest invokes the aid of Beogh against you.
Beogh smites you!
* * * LOW HITPOINT WARNING * * *
The orc priest invokes the aid of Beogh against you.
Beogh smites you!
You die...

#.....(....# ##..#
#..........# ##Z#
#..........##############..
#.........................[
#..........################
#.....>....# # #..........#
#..........#
#.........@########
##########..o....o####
########)...######
####.##.... #....###
#......#..#. .).#######)).
# #o.).). #.#.##.


You could see an orc priest and an orc.

Vanquished Creatures
  An orc priest (D:3)
  Robin (D:2)
  3 adders (D:2)
  A gnoll (D:1)
  4 worms (D:2)
  3 dart slugs
  5 leopard geckos
  2 orcs (D:3)
  3 giant cockroaches
  11 goblins
  9 hobgoblins
  6 jackals (D:1)
  7 kobolds
  A quokka (D:2)
  A ball python (D:1)
  7 bats
  7 frilled lizards
  10 rats
82 creatures vanquished.

Notes
Turn   | Place    | Note
-------+----------+-------------------------------------------
     0 | D:1      | nubinia the Tengu Venom Mage began the quest for the Orb.
     0 | D:1      | Reached XP level 1. HP: 10/10 MP: 4/4
   164 | D:1      | Reached XP level 2. HP: 14/15 MP: 4/6
   416 | D:1      | Reached skill level 1 in Conjurations
   464 | D:1      | Reached XP level 3. HP: 19/19 MP: 2/7
   469 | D:1      | Learned a level 3 spell: Mephitic Cloud
  1480 | D:2      | Reached skill level 1 in Air Magic
  1592 | D:2      | Reached XP level 4. HP: 24/24 MP: 2/8
  1616 | D:2      | Noticed Robin
  1716 | D:2      | Reached skill level 1 in Short Blades
  2272 | D:2      | Killed Robin
  2487 | D:2      | Learned a level 4 spell: Olgreb's Toxic Radiance
  2598 | D:2      | Gained mutation: You can fly. [Tengu growth]
  2598 | D:2      | Reached XP level 5. HP: 21/28 MP: 4/10
  3048 | D:3      | Learned a level 1 spell: Animate Skeleton
  3353 | D:3      | Killed from afar by an orc priest

Vault maps used:
D:1:      matt_arrival_refuge, serial_park_tiny_2, st_stairs_7
D:2:      uniq_robin
D:3:      minitemple

Skill      XL: |  1  2  3  4  5 |
---------------+----------------+-----
Conjurations   | 1 2 3 |  3.0
Air Magic      | 1 |  1.5
Short Blades   | 1 |  1.2
Fighting       | |  0.4
Dodging        | |  2.5
Stealth        | |  2.7
Spellcasting   | |  2.9
Necromancy     | |  0.7
Poison Magic   | |  4.4

Action                   |  1- 3 |  4- 6 || total
-------------------------+-------+-------++-------
Melee: Dagger            |    59 |    56 ||   115
       Kick              |     8 |     9 ||    17
       Peck              |     3 |     5 ||     8
 Cast: Sting             |    61 |    68 ||   129
       Mephitic Cloud    |       |     2 ||     2
       Animate Skeleton  |       |     3 ||     3
       Olgreb's Toxic Ra |       |     1 ||     1
 Abil: Fly               |       |     2 ||     2
  Use: Scroll            |     1 |     2 ||     3
 Stab: Sleeping          |     3 |     3 ||     6
  Eat: Chunk             |     3 |     7 ||    10
Armor: Robe              |     9 |    10 ||    19
Dodge: Dodged            |    47 |    48 ||    95
